 Dungeon Crawl Stone Soup version 0.27-a0-1123-g2f9bb313c0 (webtiles) character file.

Game seed: 11418109931145846156

205 Anon1729 the Chopper (level 5, -2/70 HPs)
             Began as a Minotaur Berserker on May 3, 2021.
             Was a Believer of Trog.
             Slain by a hobgoblin
             ... wielding a +0 scythe
              (10 damage)
             ... on level 4 of the Dungeon.
             The game lasted 00:02:10 (2476 turns).

Anon1729 the Chopper (Minotaur Berserker)           Turns: 2476, Time: 00:02:11

Health: -2/70      AC:  2    Str: 22    XL:     5   Next: 53%
Magic:  4/4        EV: 12    Int:  4    God:    Trog [**....]
Gold:   148        SH:  0    Dex: 10    Spells: 4/4 levels left

rFire    . . .     SeeInvis .   a - +0 hand axe
rCold    + . .     Faith    .   (no shield)
rNeg     . . .     Spirit   .   b - +0 animal skin
rPois    .         Reflect  .   (helmet restricted)
rElec    .         Harm     .   (no cloak)
rCorr    .         Rampage  .   (no gloves)
Will     .....                  (no boots)
Stlth    ..........             (no amulet)
HPRegen  0.21/turn              o - ring of ice
MPRegen  0.09/turn              p - ring of protection from fire

@: berserking, very quick
A: horns 2, retaliatory headbutt
a: Renounce Religion, Berserk, Trog's Hand


You were on level 4 of the Dungeon.
You worshipped Trog.
Trog was pleased with you.
You visited 1 branch of the dungeon, and saw 4 of its levels.

You collected 148 gold pieces.

Inventory:

Hand Weapons
 a - a +0 hand axe (weapon)
Missiles
 f - a throwing net
Armour
 b - a +0 animal skin (worn)
Jewellery
 o - a ring of ice (left hand)
 p - a ring of protection from fire (right hand)
Scrolls
 c - 2 scrolls of fog {unknown}
 e - 2 scrolls of enchant armour {unknown}
 g - 3 scrolls of amnesia {unknown}
 h - 2 scrolls of holy word {unknown}
 i - a scroll of brand weapon {unknown}
 l - 2 scrolls of identify {unknown}
 m - a scroll of acquirement {unknown}
 n - 2 scrolls of noise {unknown}
Potions
 d - a potion of heal wounds {unknown}
 j - 2 potions of curing {unknown}
 k - a potion of invisibility {unknown}


   Skills:
 + Level 4.8 Fighting
 * Level 6.0 Axes
 + Level 4.1 Armour
 - Level 2.2 Dodging


You had 4 spell levels left.
You didn't know any spells.
Your spell library was empty.

Dungeon Overview and Level Annotations

Branches:
Dungeon (4/15)
 Temple: D:4-7

Altars:
Dithmenos
Uskayaw

Shops:
D:1 [


Innate Abilities, Weirdness & Mutations

You have a pair of horns on your head.
You reflexively headbutt those who attack you in melee.


Message History

You are too injured to fight recklessly!
You are too injured to fight recklessly!
You are too injured to fight recklessly!
You are too injured to fight recklessly!
A red film seems to cover your vision as you go berserk!
You feel yourself moving faster!
You feel mighty! The hobgoblin closely misses you.
The hobgoblin hits you from afar with a +0 scythe!
You feel a strong urge to attack something.
A hobgoblin comes into view. It is wielding a +0 scythe.
The hobgoblin shouts!
The hobgoblin closely misses you. The hobgoblin barely misses you.
The hobgoblin misses you. The hobgoblin barely misses you. x2
There is an open door, spattered with blood here.
You barely miss the hobgoblin. You headbutt the hobgoblin.
The hobgoblin is heavily wounded.
You hit the hobgoblin.
You kill the hobgoblin!
Trog accepts your kill.
You barely miss the hobgoblin. You hit the hobgoblin.
The hobgoblin hits you from afar with a +0 scythe!
* * * LOW HITPOINT WARNING * * *
You closely miss the hobgoblin.
You headbutt the hobgoblin, but do no damage.
The hobgoblin is heavily wounded.
You hit the hobgoblin. x2
You kill the hobgoblin!
Trog accepts your kill.
The hobgoblin closely misses you. x2; You furiously retaliate!
You headbutt the hobgoblin!
You kill the hobgoblin!
Trog accepts your kill.
The hobgoblin hits you with a +0 scythe!
* * * LOW HITPOINT WARNING * * *
The hobgoblin closely misses you.
Your Axes skill increases to level 6!
You barely miss the hobgoblin.
The hobgoblin is heavily wounded.
The hobgoblin hits you from afar with a +0 scythe!
You die...

#.....# #######
####....####.##..##
..........#.......##
....#.....†........#
....#.##.......#...#
...............#...###
......#..............#
.....#..........)...##
...#..........##@##.#
#.............#)g)###
###..........##.gg# ..
.#... .. ##### ... .
..#. .##


You could see 3 hobgoblins.

Vanquished Creatures
  A necrophage (D:4)
  A howler monkey (D:4)
  2 adders (D:3)
  2 dart slugs
  An orc (D:3)
  6 ball pythons
  4 endoplasms
  2 giant cockroaches
  9 hobgoblins
  4 jackals (D:1)
  8 kobolds
  4 quokkas
  3 bats
  3 frilled lizards
  5 goblins
  4 rats
59 creatures vanquished.

Notes
Turn   | Place    | Note
-------+----------+-------------------------------------------
     0 | D:1      | Anon1729 the Minotaur Berserker began the quest for the
                  | Orb.
     0 | D:1      | Reached XP level 1. HP: 19/19 MP: 0/0
   498 | D:1      | Reached skill level 4 in Axes
   498 | D:1      | Reached XP level 2. HP: 27/27 MP: 1/1
   713 | D:1      | Found a faded altar of an unknown god.
   761 | D:1      | Found Poogok's Armour Emporium.
  1093 | D:1      | Reached XP level 3. HP: 29/33 MP: 2/2
  1757 | D:3      | Reached ** piety under Trog
  1911 | D:3      | Reached skill level 5 in Axes
  1911 | D:3      | Reached XP level 4. HP: 35/40 MP: 3/3
  1969 | D:3      | Found a hide-covered altar of Uskayaw.
  2400 | D:4      | Found a shadowy altar of Dithmenos.
  2441 | D:4      | Noticed a necrophage
  2452 | D:4      | Killed a necrophage
  2453 | D:4      | Reached XP level 5. HP: 46/47 MP: 4/4
  2476 | D:4      | Reached skill level 6 in Axes
  2476 | D:4      | Slain by a hobgoblin

Illustrated notes

Levels and vault maps discovered:
D:1:      eino_arrival_druids_welcome, layout_loops_cross, serial_shops,
          nicolae_shop_window_shopping, ebering_ecumenical_altar_mist
D:2:      layout_basic, supply_closet_lemuel
D:3:      layout_basic, nicolae_uskayaw_dance_hall
D:4:      layout_cave_pools, nicolae_dithmenos_the_darkroom, sigmund_army

Skill      XL: |  1  2  3  4  5 |
---------------+----------------+-----
Axes           | 4 5 6 |  6.0
Fighting       | 4 |  4.8
Armour         | 3 4 |  4.1
Dodging        | |  2.2

Action                   |  1- 3 |  4- 6 || total
-------------------------+-------+-------++-------
Melee: Hand axe          |    88 |    22 ||   110
       Headbutt          |    10 |     4 ||    14
Invok: Berserk           |       |     1 ||     1
 Stab: Sleeping          |     1 |       ||     1
Armor: Animal skin       |    10 |     2 ||    12
Dodge: Dodged            |    54 |    32 ||    86

Table legend: (Time is in decaauts)
 A = Elapsed time spent in this place.
 B = Non-inter-level travel time spent in this place.
 C = Inter-level travel time spent in this place.
 D = Time resting spent in this place.
 E = Time spent auto-exploring this place.
 F = Levels seen in this place.
 G = Mean time per level.
                   A        B        C        D        E       F      G
               +--------+--------+--------+--------+--------+-----+--------+
         Total |   2481 |   2440 |     41 |      0 |   2147 |   4 |  620.2 |
       Dungeon |   2481 |   2440 |     41 |      0 |   2147 |   4 |  620.2 |
               +--------+--------+--------+--------+--------+-----+--------+

Top non-repeatable levels by time:
     D:1: 1193 daAuts
     D:2: 562 daAuts
     D:3: 507 daAuts
     D:4: 219 daAuts
